Map: Dusk Towers

Players

Fropez

  • Race: Protoss Protoss
  • League: Silver
  • Spawn Location: 1:00

thechiller - Winner!

  • Race: Terran Terran
  • Spawn Location: 7:00

VOD

Have the link to the VOD?

Description

Time

  • Played on: May 25, 2016, 9:50 a.m.
  • Length: 9:47
Show
View Real Time Build Order
Export as new Build Order

Fropez Protoss 

Build Orders:  

Get SALT Encoding   

  12  0:01  Probe (Chrono Boost)  
  13  0:13  Probe (Chrono Boost)  
  14  0:19  Pylon  
  14  0:24  Probe (Chrono Boost)  
  15  0:37  Probe (Chrono Boost)  
  15  0:41  Gateway  
  16  0:48  Probe (Chrono Boost)  
  16  0:49  Assimilator  
  17  0:58  Probe (Chrono Boost)  
  18  1:09  Probe (Chrono Boost)  
  19  1:19  Probe (Chrono Boost)  
  19  1:24  Pylon  
  20  1:29  Gateway  
  20  1:32  Cybernetics Core  
  20  1:39  Pylon  
  21  1:40  Probe (Chrono Boost)  
  21  1:48  Assimilator  
  21  1:50  Probe (Chrono Boost)  
  22  2:01  Probe (Chrono Boost)  
  23  2:09  Pylon  
  23  2:14  Mothership Core (Chrono Boost)  
  23  2:15  Warp Gate (Chrono Boost)  
  29  2:32  Probe (Chrono Boost), Stalker  
  29  2:33  Stalker  
  30  2:43  Probe (Chrono Boost)  
  31  2:48  Forge  
  31  2:53  Probe (Chrono Boost)  
  32  2:59  Pylon  
  32  3:03  Stalker  
  34  3:09  Stalker  
  36  3:19  Probe (Chrono Boost)  
  37  3:24  Protoss Ground Weapons Level 1 (Chrono Boost)  
  37  3:33  Stalker  
  39  3:37  Probe  
  39  3:38  Stalker  
  42  3:53  Probe  
  43  4:04  Nexus  
  43  4:12  Pylon  
  43  4:22  Pylon, Probe  
  44  4:34  Probe  
  44  4:35  Twilight Council  
  45  4:40  Stalker  
  45  4:45  Stalker  
  49  4:46  Probe  
  50  4:54  Assimilator  
  50  4:58  Probe  
  50  4:59  Assimilator  
  51  5:15  Probe  
  52  5:22  Photon Cannon  
  52  5:27  Probe  
  53  5:31  Protoss Ground Weapons Level 2 (Chrono Boost)  
  53  5:34  Photon Cannon  
  53  5:41  Blink (Chrono Boost)  
  53  5:55  Probe  
  53  5:56  Probe  
  55  5:57  Pylon  
  53  6:32  Stalker x2  
  57  6:37  Probe  
  57  6:38  Probe  
  59  6:46  Robotics Facility  
  59  6:48  Gateway  
  59  6:49  Probe  
  59  6:50  Probe  
  59  6:51  Gateway  
  61  7:01  Probe, Stalker  
  61  7:02  Probe, Stalker  
  65  7:31  Probe  
  65  7:32  Probe  
  67  7:39  Immortal  
  67  7:41  Pylon  
  71  7:58  Nexus  
  71  7:59  Pylon  
  71  8:02  Pylon  
  71  8:05  Probe x2, Assimilator  
  73  8:10  Assimilator  
  73  8:15  Pylon  
  77  8:20  Pylon  
  77  8:23  Pylon  
  77  8:24  Photon Cannon  
  77  8:29  Observer  
  77  8:31  Pylon  
  74  8:37  Pylon  
  74  8:38  Robotics Facility  
  74  8:42  Pylon  
  74  8:44  Pylon, Probe  
  74  8:45  Probe  
  74  8:46  Photon Cannon  
  72  8:51  Immortal  
  72  8:59  Probe  
  72  9:00  Probe  
  74  9:12  Probe  
  74  9:13  Stalker  
  74  9:14  Stalker  
  79  9:19  Photon Cannon  
  79  9:22  Photon Cannon  
  79  9:24  Photon Cannon  
Show
View Real Time Build Order
Export as new Build Order

thechiller Terran - Winner!

Build Orders: Mech 

Get SALT Encoding   

  12  0:01  SCV  
  13  0:13  SCV  
  14  0:17  Supply Depot  
  14  0:25  SCV  
  15  0:40  Barracks  
  15  0:43  SCV  
  16  0:55  SCV  
  17  0:59  Supply Depot  
  17  1:08  SCV  
  18  1:20  SCV  
  19  1:30  Marine  
  20  1:34  Barracks  
  20  1:42  Command Center  
  20  1:48  Refinery  
  20  1:55  Orbital Command  
  20  2:03  Marine  
  21  2:13  Refinery  
  21  2:25  Refinery  
  21  2:27  Engineering Bay  
  21  2:32  Refinery  
  21  2:34  Marine x2  
  23  2:37  SCV  
  24  2:49  SCV  
  25  2:52  Marine x2  
  25  2:54  SCV  
  28  3:03  SCV  
  29  3:10  Marine x2  
  29  3:11  Supply Depot  
  31  3:14  SCV  
  31  3:19  SCV  
  33  3:26  SCV  
  34  3:28  Marine x2  
  34  3:31  Missile Turret  
  34  3:32  SCV  
  37  3:38  SCV  
  38  3:44  SCV  
  38  3:45  Marine  
  38  3:46  Marine  
  41  3:50  SCV  
  42  4:03  Marine x2  
  44  4:10  Factory x3  
  44  4:11  SCV  
  44  4:12  SCV  
  44  4:16  Terran Infantry Weapons Level 1  
  46  4:22  Barracks Tech Lab  
  46  4:23  Barracks Reactor  
  46  4:29  Missile Turret  
  46  4:31  Orbital Command  
  46  4:40  SCV  
  47  4:52  SCV, Missile Turret  
  48  4:58  Missile Turret  
  48  5:03  Missile Turret  
  48  5:04  Missile Turret  
  48  5:06  SCV x2  
  50  5:10  Marauder  
  50  5:11  Marine  
  53  5:15  Factory Tech Lab  
  53  5:17  Factory Tech Lab  
  53  5:18  SCV  
  53  5:19  Factory Tech Lab  
  54  5:36  Starport  
  54  5:45  Supply Depot  
  54  5:52  Supply Depot  
  54  6:00  Supply Depot  
  54  6:07  SCV x2, Supply Depot, Marauder  
  57  6:14  Medivac  
  57  6:16  Siege Tank, Supply Depot  
  57  6:18  Siege Tank  
  65  6:19  Siege Tank  
  65  6:23  Supply Depot  
  66  6:29  Marauder  
  66  6:30  Supply Depot, Combat Shields  
  68  6:36  Marine x2  
  68  6:38  Supply Depot  
  70  6:44  Medivac  
  72  6:49  Siege Tank  
  72  6:50  Marauder  
  72  6:51  Siege Tank  
  80  7:11  Marauder  
  80  7:14  Medivac  
  82  7:27  Liberator  
  82  7:33  Marauder  
  82  7:36  Marine x2  
  86  7:41  Siege Tank x2  
  92  7:44  SCV x2  
  97  7:54  Marauder  
  97  7:56  SCV x2  
  97  7:58  Command Center  
  101  8:00  Barracks  
  101  8:03  Barracks  
  101  8:16  Marauder  
  101  8:18  Marine x2  
  105  8:36  Marine x2, Widow Mine x2  
  105  8:37  Widow Mine, Marauder  
  115  8:52  Barracks  
  115  8:54  Marine  
  115  8:58  Marauder  
  117  9:04  Marine  
  124  9:10  Siege Tank x3  
  124  9:11  Marine  
  124  9:13  Orbital Command  
  128  9:20  Marauder  
Tags
 
Composition
Mech
League
Silver
Matchup
PvT
Replay Pack
All Mines
Spawn Locations
Cross Positions
Add a new tag
Caveats
  • Supply blocks, unpowered buildings, or Contaminate may cause inaccurate times.
  • Supply counts are checked every 10 seconds.